 Dungeon Crawl Stone Soup version 0.26-a0-54-g15ccc7a (webtiles) character file.

Game seed: 13327661708639945481

91 thirtiethelement the Shield-Bearer (level 4, -11/41 HPs)
             Began as a Gnoll Fighter on June 8, 2020.
             Mangled by Crazy Yiuf
             ... wielding a +3 quarterstaff of chaos
              (12 damage)
             ... on level 3 of the Dungeon.
             The game lasted 00:03:36 (2007 turns).

thirtiethelement the Shield-Bearer (Gnoll Fighter)  Turns: 2007, Time: 00:03:37

Health: -11/41     AC:  7    Str: 19    XL:     4   Next: 57%
Magic:  5/5        EV:  8    Int: 11    God:
Gold:   109        SH: 10    Dex: 14    Spells: 5/5 levels left

rFire    . . .     SeeInvis .   a - +1 war axe
rCold    . . .     Gourm    .   c - +0 kite shield
rNeg     + . .     Faith    .   b - +0 scale mail
rPois    .         Spirit   .   (no helmet)
rElec    .         Reflect  .   (no cloak)
rCorr    .         Harm     .   (no gloves)
MR       .....                  (no boots)
Stlth    +.........             n - amulet of magic regeneration
HPRegen  0.13/turn              k - ring of positive energy
MPRegen  0.34/turn              o - ring of stealth

@: lethally poisoned (-11 -> -13), lightly drained
A: distributed training, fangs 1, strong nose
a: no special abilities


You were on level 3 of the Dungeon.
You were hungry.

You visited 1 branch of the dungeon, and saw 3 of its levels.

You collected 109 gold pieces.

Inventory:

Hand Weapons
 a - a +1 war axe (weapon)
Armour
 b - a +0 scale mail (worn)
 c - a +0 kite shield (worn)
Jewellery
 h - an uncursed ring of protection from fire
 k - a ring of positive energy (left hand)
 n - an amulet of magic regeneration (around neck)
 o - a ring of stealth (right hand)
Wands
 p - a wand of random effects (13)
Scrolls
 e - 2 scrolls of immolation
 i - 2 scrolls of random uselessness
 l - a scroll of enchant weapon
Potions
 d - a potion of might
 m - a potion of curing {unknown}
Comestibles
 f - 7 rations
 g - a chunk of flesh


   Skills:
 + Level 6.6(6.3) Fighting
 + Level 1.1(0.8) Short Blades
 + Level 1.1(0.8) Long Blades
 + Level 4.6(4.3) Axes
 + Level 1.1(0.8) Maces & Flails
 + Level 1.1(0.8) Polearms
 + Level 1.1(0.8) Staves
 + Level 1.1(0.8) Slings
 + Level 1.1(0.8) Bows
 + Level 1.1(0.8) Crossbows
 + Level 1.1(0.8) Throwing
 + Level 6.6(6.3) Armour
 + Level 1.1(0.8) Dodging
 + Level 1.1(0.8) Stealth
 + Level 6.6(6.3) Shields
 + Level 1.1(0.8) Unarmed Combat
 + Level 1.1(0.8) Spellcasting
 + Level 0.9(0.6) Conjurations
 + Level 0.9(0.6) Hexes
 + Level 0.9(0.6) Charms
 + Level 0.9(0.6) Summonings
 + Level 0.9(0.6) Necromancy
 + Level 0.9(0.6) Translocations
 + Level 0.9(0.6) Transmutations
 + Level 0.9(0.6) Fire Magic
 + Level 0.9(0.6) Ice Magic
 + Level 0.9(0.6) Air Magic
 + Level 0.9(0.6) Earth Magic
 + Level 0.9(0.6) Poison Magic
 + Level 1.2(1.0) Invocations
 + Level 1.1(0.8) Evocations


You had 5 spell levels left.
You didn't know any spells.
Your spell library was empty.

Dungeon Overview and Level Annotations

Branches:
Dungeon (3/15)

Altars:

Annotations:
D:3 Crazy Yiuf


Innate Abilities, Weirdness & Mutations

Your experience applies equally to all skills.
You have very sharp teeth.
Your uncanny sense of smell can sniff out nearby items.


Message History

Evoke which item? (* to show all) (? for menu, Esc to quit)
Aiming: Random Effects
Press: ? - help, Shift-Dir - straight line, f/p - Crazy Yiuf
Aim: Crazy Yiuf, wielding a +3 quarterstaff of chaos and wearing a +2 cloak of magic resistance (almost dead) Crazy Yiuf seems to slow down.
Crazy Yiuf grits, "Castle!"
Crazy Yiuf hits you with a +3 quarterstaff of chaos.
* * * LOW HITPOINT WARNING * * *
You partially resist.
You feel drained.
Unknown command.
Evoke which item? (* to show all) (? for menu, Esc to quit)
Aiming: Random Effects
Press: ? - help, Shift-Dir - straight line, f/p - Crazy Yiuf
Aim: Crazy Yiuf, wielding a +3 quarterstaff of chaos and wearing a +2 cloak of magic resistance (almost dead, slow) Crazy Yiuf seems to slow down.
* * * LOW HITPOINT WARNING * * *
You feel sick.
Crazy Yiuf sings, "Trees, trees, trees, circus!"
Crazy Yiuf hits you with a +3 quarterstaff of chaos!
You die...

#.#####.####..#######.
#...÷.........# #.
#######.#####.# #. ###
### #. ####. #....
##### ####.... #)..###
#.....#.
#@g.'.#####.....#.
#...##..#......##.
########.#....#### ∆
########


You could see Crazy Yiuf (slow).

Vanquished Creatures
  3 adders (D:2)
  An ooze (D:3)
  2 dart slugs (D:1)
  4 giant cockroaches
  8 goblins
  11 hobgoblins
  2 jackals (D:2)
  3 kobolds (D:1)
  2 quokkas (D:3)
  A ball python (D:3)
  4 bats
  3 frilled lizards
  6 rats
50 creatures vanquished.

Notes
Turn   | Place    | Note
-------+----------+-------------------------------------------
     0 | D:1      | thirtiethelement the Gnoll Fighter began the quest for the
                  | Orb.
     0 | D:1      | Reached XP level 1. HP: 23/23 MP: 1/1
   197 | D:1      | Reached XP level 2. HP: 29/29 MP: 2/2
   420 | D:1      | Reached XP level 3. HP: 35/35 MP: 3/3
   679 | D:2      | Reached skill level 1 in Invocations
  1052 | D:2      | Reached skill level 1 in Short Blades
  1052 | D:2      | Reached skill level 1 in Long Blades
  1052 | D:2      | Reached skill level 1 in Maces & Flails
  1052 | D:2      | Reached skill level 1 in Polearms
  1052 | D:2      | Reached skill level 1 in Staves
  1052 | D:2      | Reached skill level 1 in Slings
  1052 | D:2      | Reached skill level 1 in Bows
  1052 | D:2      | Reached skill level 1 in Crossbows
  1052 | D:2      | Reached skill level 1 in Throwing
  1052 | D:2      | Reached skill level 1 in Dodging
  1052 | D:2      | Reached skill level 1 in Stealth
  1052 | D:2      | Reached skill level 1 in Unarmed Combat
  1052 | D:2      | Reached skill level 1 in Spellcasting
  1052 | D:2      | Reached skill level 1 in Evocations
  1330 | D:2      | Reached XP level 4. HP: 41/41 MP: 5/5
  1948 | D:3      | Found a runed translucent door.
  1949 | D:3      | Noticed Crazy Yiuf
  2006 | D:3      | HP: 2/41 [Crazy Yiuf/+3 quarterstaff of chaos (4)]
  2007 | D:3      | Mangled by Crazy Yiuf

Illustrated notes

Levels and vault maps discovered:
D:1:      mrwooster_arrival_arrow, layout_loops_ring, minivault_11
D:2:      layout_basic, first_ration, st_stairs_9, serial_bayou_pond_a
D:3:      layout_loops_ring, nicolae_overflow_crystal_walls,
          lemuel_doored_altar, uniq_sigmund, uniq_crazy_yiuf_cottage

Skill      XL: |  1  2  3 |
---------------+----------+-----
Invocations    | 1 |  1.2
Short Blades   | 1 |  1.1
Long Blades    | 1 |  1.1
Maces & Flails | 1 |  1.1
Polearms       | 1 |  1.1
Staves         | 1 |  1.1
Slings         | 1 |  1.1
Bows           | 1 |  1.1
Crossbows      | 1 |  1.1
Throwing       | 1 |  1.1
Dodging        | 1 |  1.1
Stealth        | 1 |  1.1
Unarmed Combat | 1 |  1.1
Spellcasting   | 1 |  1.1
Evocations     | 1 |  1.1
Fighting       | |  6.6
Axes           | |  4.6
Armour         | |  6.6
Shields        | |  6.6
Conjurations   | |  0.9
Hexes          | |  0.9
Charms         | |  0.9
Summonings     | |  0.9
Necromancy     | |  0.9
Translocations | |  0.9
Transmutations | |  0.9
Fire Magic     | |  0.9
Ice Magic      | |  0.9
Air Magic      | |  0.9
Earth Magic    | |  0.9
Poison Magic   | |  0.9

Action                   |  1- 3 |  4- 6 || total
-------------------------+-------+-------++-------
Melee: War axe           |    74 |    50 ||   124
       Bite              |     9 |     7 ||    16
Evoke: Wand              |       |     3 ||     3
  Use: Scroll            |     8 |     1 ||     9
       Potion            |       |     1 ||     1
 Stab: Sleeping          |     1 |     1 ||     2
  Eat: Chunk             |     1 |     2 ||     3
Armor: Scale mail        |    16 |    13 ||    29
Dodge: Dodged            |    22 |    20 ||    42
Block: Kite shield       |    32 |    31 ||    63

Table legend:
 A = Non-vault XP
 B = Vault XP
 C = Vault XP percentage of total XP
 D = Non-vault monster count
 E = Vault monster count
 F = Vault count percentage of total count
                 A         B        C        D         E       F
            +---------+---------+-------+---------+---------+-------
      Total |     125 |       5 |   3.8 |      47 |       3 |   6.0
            +---------+---------+-------+---------+---------+-------
        D:1 |      43 |       0 |   0.0 |      23 |       0 |   0.0
        D:2 |      67 |       5 |   6.9 |      18 |       3 |  14.3
        D:3 |      15 |       0 |   0.0 |       6 |       0 |   0.0
            +---------+---------+-------+---------+---------+-------
